Map: Bel'Shir Vestige LE (Void)

Players

SortOf

  • Race: Zerg Zerg
  • Spawn Location: 11:00

TIME (Oliveira) - Winner!

  • Race: Terran Terran
  • Spawn Location: 5:00

Event: WCS Austin 2017

VOD

Have the link to the VOD?

Description

Time

  • Played on: April 28, 2017, 9:10 p.m.
  • Length: 7:48

All games in this series

Show
View Real Time Build Order
Export as new Build Order

SortOf Zerg 

Build Orders: Hatch First 

Get SALT Encoding   

  12  0:00  Drone  
  13  0:13  Overlord  
  13  0:18  Drone  
  14  0:31  Drone  
  14  0:32  Drone  
  16  0:37  Drone  
  17  0:54  Hatchery  
  16  0:57  Drone  
  16  0:59  Drone  
  18  1:12  Extractor  
  18  1:14  Spawning Pool  
  18  1:17  Drone  
  17  1:20  Drone  
  18  1:30  Drone  
  19  1:40  Overlord  
  19  1:52  Drone  
  20  2:01  Queen  
  20  2:02  Drone  
  20  2:06  Queen, Roach Warren  
  20  2:08  Zergling x2  
  25  2:11  Drone  
  26  2:18  Extractor  
  25  2:23  Overlord  
  25  2:34  Drone  
  25  2:47  Roach x3  
  25  2:49  Roach  
  25  2:50  Drone  
  32  2:56  Drone  
  35  3:05  Roach  
  35  3:07  Ravager x2  
  35  3:10  Ravager  
  37  3:18  Hatchery  
  36  3:25  Queen  
  38  3:29  Overlord  
  36  3:36  Overlord  
  33  3:43  Roach  
  33  3:47  Ravager  
  36  3:51  Roach  
  36  3:52  Roach  
  40  3:56  Drone  
  40  3:58  Drone  
  42  4:04  Drone  
  42  4:05  Drone  
  44  4:15  Overlord  
  44  4:22  Lair  
  42  4:25  Roach  
  42  4:31  Roach  
  42  4:38  Roach  
  42  4:39  Roach  
  42  4:41  Drone  
  47  4:48  Drone x2  
  47  4:54  Queen  
  47  4:58  Drone  
  47  4:59  Drone  
  47  5:02  Drone  
  46  5:08  Drone  
  46  5:09  Drone  
  46  5:13  Roach  
  42  5:15  Roach  
  42  5:17  Roach  
  42  5:20  Glial Reconstitution  
  46  5:23  Overseer  
  46  5:27  Roach  
  48  5:30  Overlord  
  48  5:34  Overlord  
  42  5:50  Roach x3  
  42  5:51  Roach x2  
  42  5:55  Roach  
  41  6:03  Roach x2  
  39  6:11  Queen  
  39  6:17  Roach  
  35  6:29  Roach x2  
  33  6:36  Roach  
  33  6:37  Roach  
  35  6:41  Roach  
  37  6:50  Queen  
  39  6:59  Spore Crawler  
  38  7:03  Spore Crawler  
  38  7:07  Roach  
  35  7:11  Ravager  
  35  7:12  Ravager x2  
  36  7:17  Roach  
  36  7:21  Roach, Spore Crawler  
  36  7:33  Drone  
Show
View Real Time Build Order
Export as new Build Order

TIME Terran - Winner!

Build Orders: Cyclone Opening, Reaper Expand 

Get SALT Encoding   

  12  0:00  SCV  
  13  0:12  SCV  
  14  0:17  Supply Depot  
  14  0:25  SCV  
  15  0:28  Refinery  
  15  0:39  SCV  
  16  0:43  Barracks  
  16  0:51  SCV  
  17  1:03  SCV  
  18  1:15  SCV  
  19  1:31  Orbital Command  
  19  1:32  Reaper  
  20  1:43  Command Center  
  20  1:54  Factory  
  20  1:57  SCV  
  21  2:05  Barracks Reactor  
  21  2:11  Bunker, SCV  
  21  2:12  Supply Depot  
  21  2:15  Marine  
  23  2:16  Refinery  
  23  2:27  Supply Depot  
  23  2:34  Marine, SCV  
  25  2:38  Cyclone  
  28  2:46  SCV  
  29  2:51  Marine  
  29  2:53  Starport  
  29  2:58  Supply Depot, SCV  
  31  3:09  Marine  
  31  3:10  SCV  
  31  3:12  Cyclone  
  35  3:27  Marine  
  35  3:32  Starport Tech Lab  
  34  3:37  SCV  
  35  3:44  Cyclone  
  35  3:45  Marine  
  39  3:55  Banshee  
  42  4:01  SCV  
  42  4:02  Command Center  
  43  4:03  Marine  
  43  4:09  Supply Depot  
  44  4:19  Cyclone  
  44  4:22  Marine  
  46  4:41  Marine  
  46  4:42  Banshee  
  46  4:45  SCV  
  50  5:00  Marine  
  50  5:01  Cyclone  
  50  5:02  SCV  
  54  5:21  SCV  
  54  5:23  Orbital Command  
  54  5:24  Marine  
  56  5:32  Banshee  
  59  5:35  Command Center  
  56  5:51  Marine  
  56  5:52  Cyclone  
  56  5:53  SCV  
  51  6:05  SCV  
  52  6:13  Barracks Reactor  
  52  6:16  Barracks  
  52  6:17  Barracks, SCV  
  49  6:25  Cyclone  
  49  6:29  SCV  
  50  6:34  Banshee  
  52  6:49  Marine  
  52  6:50  Marine  
  52  6:53  SCV, Orbital Command  
  51  6:58  Factory Tech Lab  
  51  7:05  SCV  
  52  7:09  Barracks Tech Lab, Marine x2  
  52  7:10  Orbital Command  
  54  7:17  SCV  
  54  7:22  SCV  
  56  7:29  Starport Reactor  
  53  7:30  Marine x3  
  53  7:32  SCV  
  54  7:47  Engineering Bay  
  54  7:48  Engineering Bay  
Tags
 
Add a new tag
Caveats
  • Supply blocks, unpowered buildings, or Contaminate may cause inaccurate times.
  • Supply counts are checked every 10 seconds.